AoeStats
← TheScRider

Arena

510766925Analyzed
2v2 RM · 17h ago on Oct 2, 2026· 60m 23s· 4 players
Game mode
Random Map
Map size
Medium (4 player)
Population
200
Speed
Normal
Resources
Standard
Victory
Conquest
Starting age
Dark Age
Ending age
Imperial Age
RankedLock teamsTeams togetherTeam positionsShared explorationLock speedFull tech treeHidden civsTurbo modeCheats
Victory
Defeat
🇦🇺 Romans · Australia
1218
+17
🇹🇷 Dravidians · Türkiye
1204
+18
🇺🇸 Malay · United States
1263
-18
🇮🇹 Bohemians · Italy
1231
-17
Shotzsik
6:37 Loom
9:23 Feudal Age
10:54 Fletching
11:50 Town Watch
13:03 Double-Bit Axe
20:09 Wheelbarrow
26:20 Horse Collar
31:33 Castle Age
32:05 Bow Saw
42:40 Light Cavalry
45:01 Hand Cart
46:44 Husbandry
49:43 Imperial Age
50:28 Scale Barding Armor
56:36 Forging
57:51 Man-at-Arms
58:35 Long Swordsman
59:59 Iron Casting
59:31 Two-Handed Swordsman
61:39 Blast Furnace
TheScRider
11:00 Feudal Age
12:29 Town Watch
15:07 Castle Age
14:52 Double-Bit Axe
15:49 Loom
28:40 Imperial Age
29:14 Chemistry
28:23 Padded Archer Armor
29:24 Leather Archer Armor
32:52 Houfnice
36:29 Coinage
38:31 Wheelbarrow
38:05 Siege Engineers
39:23 Conscription
40:27 Fortified Wall
43:26 Banking
43:40 Elite Hussite Wagon
45:17 Hand Cart
46:11 Ring Archer Armor
54:20 Fletching
55:55 Bombard Tower
58:52 Elite Skirmisher
Milkus Dilkus
10:44 Feudal Age
15:00 Castle Age
13:04 Double-Bit Axe
16:00 Bow Saw
15:32 Horse Collar
22:52 Loom
27:04 Fletching
30:28 Bodkin Arrow
30:33 Padded Archer Armor
29:56 Elite Skirmisher
32:48 Leather Archer Armor
38:26 Imperial Age
36:27 Medical Corps
36:54 Fortified Wall
37:04 Ballistics
41:12 Thumb Ring
45:11 Chemistry
46:53 Heavy Plow
47:49 Elite Elephant Archer
53:57 Bracer
56:08 Ring Archer Armor
Arfah
12:23 Feudal Age
12:50 Loom
12:28 Man-at-Arms
14:11 Scale Mail Armor
14:22 Forging
18:30 Wheelbarrow
17:48 Double-Bit Axe
17:45 Horse Collar
19:26 Wheelbarrow
23:19 Castle Age
24:06 Gold Mining
23:39 Long Swordsman
24:23 Squires
24:41 Chain Mail Armor
27:53 Iron Casting
30:11 Bow Saw
31:15 Pikeman
34:08 Heavy Plow
36:34 Gold Shaft Mining
35:51 Stone Mining
36:20 Hand Cart
39:40 Imperial Age
40:17 Capped Ram
40:18 Legionary
40:20 Halberdier
42:02 Blast Furnace
41:30 Masonry
41:31 Fortified Wall
41:12 Siege Ram
41:22 Halberdier
42:48 Comitatenses
42:48 Conscription
45:45 Scale Barding Armor
49:40 Husbandry
49:50 Bloodlines
50:02 Chain Barding Armor
50:46 Crop Rotation
50:04 Town Watch
50:36 Siege Engineers
57:16 Plate Barding Armor
61:06 Architecture
Connection lost

Rejoining the realm…

Still unreachable

The connection could not be restored.

Session expired

The server has moved on; the page needs a fresh start.